 Dungeon Crawl Stone Soup version 0.18-a0-1639-g7533f42 (webtiles) character file.

1032 M4edhros the Poker (level 8, 0/52 HPs)
             Began as an Octopode Fighter on Mar 27, 2016.
             Slain by Eustachio
             ... wielding a +0 rapier
              (6 damage)
             ... on level 5 of the Dungeon.
             The game lasted 00:07:22 (4340 turns).

M4edhros the Poker (Octopode Fighter)               Turns: 4340, Time: 00:07:22

Health: 0/52       AC:  1    Str: 15    XL:     8   Next: 23%
Magic:  8/8        EV: 12    Int: 11    God:
Gold:   164        SH:  9    Dex: 13    Spells: 0 memorised, 7 levels left

rFire  . . .     SeeInvis .     a - +0 trident
rCold  . . .     Gourm    .     b - +0 shield
rNeg   . . .     Faith    .     (helmet restricted)
rPois  .         Spirit   .     (no amulet)
rElec  .         Dismiss  .     (no ring)
rCorr  .         Reflect  .     (no ring)
SustAt .         Harm     .     (no ring)
MR     .....                    (no ring)
Stlth  ++........               (no ring)
                                (no ring)
                                (no ring)
                                (no ring)

@: lethally poisoned (0 -> -1), not resistant to hostile enchantments,
unstealthy
A: almost no armour, amphibious, 8 rings, constrict 8, camouflage 1, gelatinous
body 1
a: no special abilities


You were on level 5 of the Dungeon.
You were very hungry.

You visited 1 branch of the dungeon, and saw 5 of its levels.
You also visited: Sewer.

You collected 164 gold pieces.

Inventory:

Hand Weapons
 a - a +0 trident (weapon)
 x - a +0 hunting sling
Missiles
 i - 46 stones (quivered)
 r - 20 sling bullets
Armour
 b - a +0 shield (worn)
Jewellery
 s - an uncursed ring of flight {unknown}
Wands
 t - a wand of slowing (29/48)
Scrolls
 f - a scroll of noise {unknown}
 g - 2 scrolls of fear {unknown}
 k - 4 scrolls of recharging {unknown}
 m - 5 scrolls of teleportation {unknown}
 n - a scroll of blinking {unknown}
 o - 7 scrolls of identify {unknown}
 p - 4 scrolls of enchant weapon {unknown}
 q - 2 scrolls of random uselessness {unknown}
 w - 2 scrolls of fog {unknown}
 y - a scroll of remove curse
Potions
 c - 2 potions of might
 e - a potion of haste
 h - a potion of brilliance {unknown}
 j - 5 potions of curing
 l - 4 potions of flight
 u - a potion of magic
 z - a potion of invisibility
Comestibles
 d - 4 bread rations


   Skills:
 - Level 3.0 Fighting
 - Level 7.7 Polearms
 + Level 2.8 Slings
 + Level 4.4 Dodging
 + Level 4.4 Shields


You had 7 spell levels left.
You didn't know any spells.

Dungeon Overview and Level Annotations

Branches:
Dungeon (5/15)
 Temple: D:4-7

Altars:
Ashenzari
Elyvilon
Kikubaaqudgha
Nemelex Xobeh
Pakellas
Sif Muna
Xom
The Shining One

Shops:
D:4 ?

Annotations:
D:3 wagjo's ghost, amateur MiFi
D:5 Eustachio


Innate Abilities, Weirdness & Mutations

You cannot wear most types of armour.
You are amphibious.
You can wear up to eight rings at the same time.
You can use your tentacles to constrict eight enemies at once.
Your skin changes colour to match your surroundings (Stealth).
Your rubbery body absorbs attacks (AC +1).


Message History

You squeeze Eustachio.
Eustachio is severely wounded.
The bat hits you.
* * * LOW HITPOINT WARNING * * *
The quokka bites you.
* * * LOW HITPOINT WARNING * * *
The quokka closely misses you. You block Eustachio's attack.
You barely miss Eustachio. Your grab misses Eustachio.
Eustachio is severely wounded.
You block the bat's attack. The quokka misses you. The quokka bites you.
* * * LOW HITPOINT WARNING * * *
Eustachio hits you but does no damage.
Unknown command.
You hit Eustachio but do no damage. You grab Eustachio. You squeeze Eustachio!
Eustachio is almost dead.
You constrict Eustachio, but do no damage.
You block the quokka's attack. The quokka bites you.
* * * LOW HITPOINT WARNING * * *
The bat hits you but does no damage. Eustachio hits you with a rapier.
You die...

.......#.....#
.............
............#
............#
......<...#
....$...#
#rbr...#
#@@...#
##....#
##.#%..# #..#
### #.## ##.#
#..# ###.##
###...#


You could see Eustachio, 2 quokkas and a bat.

Vanquished Creatures
  A phantom (D:4)
  An ogre (D:5)
  5 big kobolds (Sewer)
  A howler monkey (D:4)
  2 crimson imps (D:5)
  An orc wizard (D:4)
  A giant frog skeleton (D:5)
  A centaur skeleton (D:5)
  Terence (D:3)
  An iguana (D:4)
  2 worker ants (D:4)
  A gnoll (D:1)
  8 adders
  A river rat (Sewer)
  4 oozes (Sewer)
  A worm (D:4)
  A dart slug (D:2)
  4 giant geckos
  14 orcs
  3 bats
  4 giant cockroaches
  7 goblins
  7 hobgoblins
  4 jackals
  3 quokkas
  2 ball pythons
  5 giant newts
  12 kobolds
  7 rats
105 creatures vanquished.

Vanquished Creatures (others)
  A hippogriff (D:2)
1 creature vanquished.

Grand Total: 106 creatures vanquished

Notes
Turn   | Place    | Note
--------------------------------------------------------------
     0 | D:1      | M4edhros the Octopode Fighter began the quest for the Orb.
     0 | D:1      | Reached XP level 1. HP: 16/16 MP: 1/1
   100 | D:1      | Reached XP level 2. HP: 17/21 MP: 2/2
   301 | D:1      | Reached skill level 3 in Polearms
   347 | D:1      | Found a sparkling altar of Nemelex Xobeh.
   390 | D:1      | Reached XP level 3. HP: 14/26 MP: 3/3
   864 | D:2      | Reached skill level 4 in Polearms
   867 | D:2      | Reached XP level 4. HP: 27/31 MP: 4/4
  1122 | D:2      | Found an oddly glowing altar of Pakellas.
  1122 | D:2      | Noticed an orange crystal statue
  1123 | D:2      | Noticed a hippogriff
  1149 | D:2      | Killed a hippogriff
  1453 | D:3      | Found a glowing drain.
  1458 | Sewer    | Entered a sewer
  1569 | Sewer    | Reached skill level 5 in Polearms
  1569 | Sewer    | Reached XP level 5. HP: 22/36 MP: 5/5
  1578 | Sewer    | Noticed a big kobold
  1579 | Sewer    | Noticed a big kobold
  1593 | Sewer    | Killed a big kobold
  1820 | Sewer    | Killed a big kobold
  1820 | Sewer    | Reached skill level 6 in Polearms
  1820 | Sewer    | Reached XP level 6. HP: 36/42 MP: 6/6
  2024 | Sewer    | Reached skill level 7 in Polearms
  2029 | Sewer    | Reached XP level 7. HP: 9/46 MP: 7/7
  2469 | D:3      | Noticed wagjo's ghost (amateur MiFi)
  2740 | D:3      | Noticed Terence
  2751 | D:3      | Killed Terence
  2872 | D:4      | Found a shimmering altar of Xom.
  2873 | D:4      | Found an ancient bone altar of Kikubaaqudgha.
  2874 | D:4      | Found an oddly glowing altar of Pakellas.
  2874 | D:4      | Found a glowing golden altar of the Shining One.
  2874 | D:4      | Found a shattered altar of Ashenzari.
  3060 | D:4      | Found a deep blue altar of Sif Muna.
  3063 | D:4      | Found a white marble altar of Elyvilon.
  3416 | D:4      | Reached skill level 1 in Slings
  3488 | D:4      | Found Piwustr Faukk's Magic Scroll Emporium.
  3979 | D:5      | Entered Level 5 of the Dungeon
  4001 | D:5      | Reached XP level 8. HP: 47/52 MP: 8/8
  4066 | D:5      | HP: 2/52 [ogre/giant club (18)]
  4305 | D:5      | Noticed Eustachio
  4340 | D:5      | Slain by Eustachio

Vault maps used:
D:1:      dpeg_arrival_simpleton_c, nemelex_altar_shiori
D:2:      gammafunk_pakellas_statue_experiment
D:3:      first_bread, gup_sewer_entry_bowl, uniq_terence
D:4:      minitemple, serial_shops, shop, st_stairs_7
D:5:      kennysheep_path_1, uniq_eustachio
Sewer:    sewer_co_15_rooms

Skill      XL: |  1  2  3  4  5  6  7  8 |
---------------+-------------------------+-----
Polearms       | 3 4 5 6 7 |  7.7
Slings         | 2 |  2.8
Dodging        | 4 |  4.4
Shields        | 4 |  4.4
Fighting       | |  3.0

Action                   |  1- 3 |  4- 6 |  7- 9 || total
-------------------------+-------+-------+-------++-------
Melee: Trident           |    62 |   112 |   152 ||   326
 Fire: Hunting sling     |       |       |    13 ||    13
  Use: Scroll            |     1 |       |       ||     1
       Potion            |       |       |    11 ||    11
 Stab: Sleeping          |     5 |     7 |     8 ||    20
       Invisible         |       |       |     3 ||     3
       Distracted        |       |       |     1 ||     1
  Eat: Chunk             |       |     2 |     4 ||     6
       Meat ration       |       |       |     1 ||     1
